 Dungeon Crawl Stone Soup version 0.31-a0-426-g3a05650e59 (webtiles) character file.

Game seed: 10407038490117617311

73 Gelion the Changeling (level 4, -1/29 HPs)
             Began as an Octopode Shapeshifter on July 30, 2023.
             Slain by a gnoll
             ... wielding a +0 spear
              (3 damage)
             ... on level 2 of the Dungeon.
             The game lasted 00:02:09 (1232 turns).

Gelion the Changeling (Octopode Shapeshifter)       Turns: 1232, Time: 00:02:09

Health: -1/29      AC:  1    Str: 14    XL:     4   Next: 27%
Magic:  4/4        EV: 13    Int: 10    God:
Gold:   31         SH:  0    Dex: 14    Spells: 3/3 levels left

rFire   . .          .
                       - Unarmed
rCold   . . .        (no shield)
rNeg    . . .        (helmet currently unavailable)
rPois   .            (no amulet)
rElec   .            (no ring)
rCorr   .            (no ring)
SInv    .            (no ring)
Will    .....        (no ring)
Stlth   ++           (no ring)
HPRegen 0.24/turn    (no ring)
MPRegen 0.09/turn    (no ring)
                     (no ring)

%: no passive effects
@: beast-form
A: beast (slay +2), almost no armour, amphibious, 8 rings, camouflage 1,
gelatinous body 1, (nimble swimmer 1), tentacles
a: Begin Untransformation


You were on level 2 of the Dungeon.
You were a hulking beast.
You visited 1 branch of the dungeon, and saw 2 of its levels.

You collected 31 gold pieces.

Inventory:

Jewellery
 d - a +6 ring of dexterity
 j - a +6 ring of intelligence
Talismans
 b - a beast talisman (active)
Scrolls
 f - a scroll of identify
 h - a scroll of amnesia
 i - a scroll of teleportation
Potions
 c - 2 potions of curing
 e - a potion of enlightenment {unknown}
 g - 3 potions of cancellation {unknown}


   Skills:
 + Level 2.0 Fighting
 - Level 2.0 Dodging
 + Level 3.5 Unarmed Combat
 * Level 3.8 Shapeshifting


You had 3 spell levels left.
You didn't know any spells.
Your spell library contained the following spells:

 Spells                   Type           Power      Damage    Failure   Level
 Iskenderun's Battlesphe  Conj           0%         2d6       100%        5
 Leda's Unmaking          Conj/Erth      0%         9d1       100%        6
 Spellforged Servitor     Conj/Summ      0%         N/A       100%        7


Dungeon Overview and Level Annotations

Branches:
Dungeon (2/15)

Altars:


Innate Abilities, Weirdness & Mutations

You are a hulking beast.
Your limbs bulge with bestial killing power. (Slay +2)
You cannot wear most types of armour.
You are amphibious.
You can wear up to eight rings at the same time.
Your skin changes colour to match your surroundings (Stealth+).
Your rubbery body absorbs attacks. (AC +1, EV +1)
((You are camouflaged when in or above water. (Stealth+)))
You have tentacles for arms and can constrict up to eight enemies at once.


Message History

The giant cockroach is almost dead.
The giant cockroach closely misses you.
You closely miss the giant cockroach. Your grab misses the giant cockroach.
The giant cockroach is almost dead.
The giant cockroach closely misses you.
You barely miss the giant cockroach. You grab the giant cockroach.
You squeeze the giant cockroach.
You kill the giant cockroach!
Your Fighting skill increases to level 2!
The hobgoblin barely misses you.
You tentacle-slap the hobgoblin.
You kill the hobgoblin!
No target in view!
You see here a hobgoblin corpse.
A gnoll comes into view. It is wielding a +0 spear.
A gnoll is nearby!
A gnoll comes into view.
It is wielding a +0 halberd. 2 gnolls and a frilled lizard come into view.
The gnoll shouts!
The gnoll shouts!
The gnoll closely misses you.
The gnoll hits you from afar with a +0 spear!
The gnoll hits you with a +0 spear! The gnoll misses you.
You bludgeon the gnoll! You grab the gnoll. You squeeze the gnoll.
You kill the gnoll!
The gnoll barely misses you. The gnoll hits you with a +0 spear!
* * * LOW HITPOINT WARNING * * *
You see here a +0 spear.
You barely miss the gnoll. Your grab misses the gnoll.
Your squeeze misses the gnoll. The gnoll hits you with a +0 spear!
* * * LOW HITPOINT WARNING * * *
You tentacle-slap the gnoll. You grab the gnoll.
The gnoll is heavily wounded.
You constrict the gnoll. The gnoll misses you.
You tentacle-slap the gnoll.
The gnoll is severely wounded.
You constrict the gnoll, but do no damage.
The gnoll hits you with a +0 spear.
You die...

...........##.#
.............
...........#
...........##
.........gg.#
..........#g###
......g...#...#
.....?....###.###########
g.........#
#.ggh.......##
..........#
#######......#
....##'#### #......# ....
#.# #......# .... #..
#......# .P.. #.#
#......##### #.......##..
#.....#.##.# #.....#.##.#


You could see 2 gnolls.

Vanquished Creatures
  Robin (D:2)
  A gnoll (D:2)
  A worm (D:2)
  5 ball pythons
  3 endoplasms (D:1)
  4 giant cockroaches
  10 goblins
  5 hobgoblins
  4 jackals (D:2)
  A kobold (D:1)
  4 bats
  2 frilled lizards (D:1)
  3 rats (D:1)
44 creatures vanquished.

Notes
Turn   | Place    | Note
-------+----------+-------------------------------------------
     0 | D:1      | Gelion the Octopode Shapeshifter began the quest for the
                  | Orb.
     0 | D:1      | Reached XP level 1. HP: 13/13 MP: 1/1
   260 | D:1      | Reached XP level 2. HP: 18/18 MP: 2/2
   851 | D:2      | Reached XP level 3. HP: 21/23 MP: 3/3
  1058 | D:2      | Noticed Robin
  1066 | D:2      | HP: 1/23 [goblin/+0 club[Robin] (4)]
  1098 | D:2      | Killed Robin
  1106 | D:2      | Reached XP level 4. HP: 22/29 MP: 4/4
  1232 | D:2      | Slain by a gnoll

Illustrated notes

Levels and vault maps discovered:
D:1:      minmay_arrival_solitary_statue, layout_basic
D:2:      layout_basic, st_stairs_1, nicolae_grassy_gnolls,
          uniq_crazy_yiuf_cottage, uniq_robin

Skill      XL: |  1  2  3  4 |
---------------+-------------+-----
Fighting       | 2 |  2.0
Dodging        | |  2.0
Unarmed Combat | |  3.5
Shapeshifting  | |  3.8

Action                     |  1- 3 |  4- 6 || total
---------------------------+-------+-------++-------
  Melee: Unarmed           |    72 |     9 ||    81
         Tentacles         |    10 |     3 ||    13
         Constrict         |    10 |     3 ||    13
         Punch             |     2 |       ||     2
    Use: Scroll            |     5 |       ||     5
         Potion            |     2 |       ||     2
   Stab: Sleeping          |     6 |       ||     6
 Armour: Skin              |    24 |     1 ||    25
  Dodge: Dodged            |    38 |     8 ||    46

Table legend: (Time is in decaauts)
 A = Elapsed time spent in this place.
 B = Non-inter-level travel time spent in this place.
 C = Inter-level travel time spent in this place.
 D = Time resting spent in this place.
 E = Time spent auto-exploring this place.
 F = Levels seen in this place.
 G = Mean time per level.
                   A        B        C        D        E       F      G
               +--------+--------+--------+--------+--------+-----+--------+
         Total |   1227 |   1212 |     15 |      2 |    976 |   2 |  613.5 |
       Dungeon |   1227 |   1212 |     15 |      2 |    976 |   2 |  613.5 |
               +--------+--------+--------+--------+--------+-----+--------+

Top non-repeatable levels by time:
     D:1: 806 daAuts
     D:2: 421 daAuts
